 Dungeon Crawl Stone Soup version 0.22-a0-571-g4a923d4 (webtiles) character file.

65 Hebeh the Covered (level 3, 0/33 HPs)
             Began as a Minotaur Fighter on July 1, 2018.
             Slain by Crazy Yiuf
             ... wielding a +3 quarterstaff of chaos
              (10 damage)
             ... on level 2 of the Dungeon.
             The game lasted 00:03:03 (1621 turns).

Hebeh the Covered (Minotaur Fighter)                Turns: 1621, Time: 00:03:03

Health: 0/33       AC:  7    Str: 21    XL:     3   Next: 92%
Magic:  2/2        EV:  7    Int:  5    God:
Gold:   112        SH:  9    Dex:  9    Spells: 2/2 levels left

rFire    . . .     SeeInvis .   a - +0 war axe
rCold    . . .     Gourm    .   c - +0 shield
rNeg     . . .     Faith    .   b - +0 scale mail
rPois    +         Spirit   .   (helmet restricted)
rElec    .         Reflect  .   (no cloak)
rCorr    .         Harm     .   (no gloves)
MR       .....                  (no boots)
Stlth    ..........             (no amulet)
HPRegen  0.11/turn              l - ring of poison resistance
MPRegen  0.08/turn              g - ring of flight

@: no status effects
A: retaliatory headbutt, horns 2
a: Evoke Flight


You were on level 2 of the Dungeon.
You were not hungry.

You visited 1 branch of the dungeon, and saw 2 of its levels.

You collected 112 gold pieces.

Inventory:

Hand Weapons
 a - a +0 war axe (weapon)
Armour
 b - a +0 scale mail (worn)
 c - a +0 shield (worn)
Jewellery
 g - a ring of flight (right hand)
 l - a ring of poison resistance (left hand)
Wands
 o - a wand of digging (12)
Scrolls
 e - 2 scrolls of fear {unknown}
 h - 2 scrolls of enchant armour {unknown}
 i - 3 scrolls of magic mapping {unknown}
 j - 2 scrolls of teleportation {unknown}
Potions
 d - a potion of might
 k - a potion of curing {unknown}
 n - 3 potions of mutation {unknown}
Comestibles
 f - 6 rations


   Skills:
 + Level 4.0 Fighting
 * Level 3.6 Axes
 + Level 4.1 Armour
 + Level 4.1 Shields
 + Level 0.5 Evocations


You had 2 spell levels left.
You didn't know any spells.
Your spell library was empty.

Dungeon Overview and Level Annotations

Branches:
Dungeon (2/15)

Altars:

Annotations:
D:2 Crazy Yiuf


Innate Abilities, Weirdness & Mutations

You reflexively headbutt those who attack you in melee.
You have a pair of horns on your head.


Message History

Unknown command.
Partly explored, unopened runed door.
You open the door.
Crazy Yiuf the Enlightened comes into view.
He is wielding a quarterstaff of chaos.
Crazy Yiuf shouts!
Found a mace.
Crazy Yiuf yells, "Tonal!"
There is an open door here.
You closely miss Crazy Yiuf. Your headbutt misses Crazy Yiuf.
Crazy Yiuf hits you with a quarterstaff of chaos.
Crazy Yiuf burns you.
Crazy Yiuf hits you with a quarterstaff of chaos.
Space warps horribly around you!
You hit Crazy Yiuf but do no damage.
Crazy Yiuf hits you with a quarterstaff of chaos.
You barely miss Crazy Yiuf. Your headbutt misses Crazy Yiuf.
Crazy Yiuf completely misses you.
You barely miss Crazy Yiuf.
Crazy Yiuf hits you with a quarterstaff of chaos!
You die...

..#
#.###.####.######....).......
..#
#........<...........##...###
###
#####.#############.####.##
#.# ### #.# #.# #.# #.# #.#
#########.# #### ♣♣####.# ##
#.........# #)..#♣♣ ♣♣....#.#
#. #.#######.#
#..g@.♣♣♣♣.......# #. #.# #.#
#...#♣..♣........###. #.# #.#
#### ♣♣♣.♣....##..... #.# #.#
♣♣♣♣♣########. #.# #.# #.
#.#######.#### ##########.
.......##.##.# #..........
#.####....##.# ###########
#.##########.#


You could see Crazy Yiuf.

Vanquished Creatures
  2 adders (D:2)
  3 worms (D:2)
  2 dart slugs
  3 bats
  A giant cockroach (D:1)
  4 hobgoblins (D:1)
  3 kobolds (D:2)
  5 frilled lizards
  9 goblins
  2 rats
34 creatures vanquished.

Notes
Turn   | Place    | Note
-------+----------+-------------------------------------------
     0 | D:1      | Hebeh the Minotaur Fighter began the quest for the Orb.
     0 | D:1      | Reached XP level 1. HP: 19/19 MP: 0/0
    86 | D:1      | Reached XP level 2. HP: 27/27 MP: 1/1
   610 | D:2      | Reached XP level 3. HP: 31/33 MP: 2/2
   821 | D:2      | Found a runed door.
  1616 | D:2      | Noticed Crazy Yiuf
  1621 | D:2      | Slain by Crazy Yiuf

Vault maps used:
D:1:      tarquinn_simple_flora_water_e, serial_forest,
          infiniplex_forest_clump_medium, infiniplex_forest_end_3,
          infiniplex_forest_end_1, infiniplex_forest_straight_5,
          infiniplex_forest_straight_3, infiniplex_forest_join
D:2:      first_ration, uniq_crazy_yiuf_cottage

Skill      XL: |  1  2  3 |
---------------+----------+-----
Axes           | 3 |  3.6
Armour         | 4 |  4.1
Shields        | 4 |  4.1
Fighting       | 4 |  4.0
Evocations     | |  0.5

Action                   || total
-------------------------++-------
Melee: War axe           ||    84
       Headbutt          ||    16
  Eat: Chunk             ||     2
Armor: Scale mail        ||    29
Dodge: Dodged            ||    27
Block: Shield            ||    34

Table legend:
 A = Spawn XP
 B = Non-spawn XP
 C = Spawn XP percentage of total XP
 D = Spawn monster count
 E = Non-spawn monster count
 F = Spawn count percentage of total count
 G = Total turns spent on level
                    A         B        C        D         E        F      G
               +---------+---------+-------+---------+---------+-------+---------
         Total |       0 |      93 |   0.0 |       0 |      34 |   0.0 |  1621
               +---------+---------+-------+---------+---------+-------+---------
           D:1 |       0 |      27 |   0.0 |       0 |      15 |   0.0 |   606
           D:2 |       0 |      66 |   0.0 |       0 |      19 |   0.0 |  1015
               +---------+---------+-------+---------+---------+-------+---------
